AoeStats
← CazadorGT

Arena

508495615Analyzed
2v2 RM · 10d ago on Sep 22, 2026· 29m 18s· 4 players
Game mode
Random Map
Map size
Medium (4 player)
Population
200
Speed
Normal
Resources
Standard
Victory
Conquest
Starting age
Dark Age
Ending age
Imperial Age
RankedLock teamsTeams togetherTeam positionsShared explorationLock speedFull tech treeHidden civsTurbo modeCheats
Victory
Defeat
🇦🇷 Burgundians · Argentina
1172
+13
🇺🇸 Vikings · United States
1154
+14
🇬🇹 Bohemians · Guatemala
1154
-15
🇻🇪 Franks · Venezuela
1065
-12
Choncho
9:55 Feudal Age
13:53 Castle Age
12:21 Double-Bit Axe
13:38 Loom
21:37 Forging
26:21 Scale Mail Armor
elPreto
6:18 Double-Bit Axe
8:37 Horse Collar
11:22 Feudal Age
15:25 Castle Age
13:49 Bow Saw
13:57 Heavy Plow
17:56 Two-Man Saw
20:16 Fortified Wall
22:58 Wheelbarrow
22:10 Town Watch
22:57 Masonry
24:04 Gold Mining
25:15 Murder Holes
25:10 Loom
25:42 Hand Cart
25:30 Fletching
28:23 Gold Shaft Mining
27:39 Stone Mining
29:37 Stone Shaft Mining
31:41 Imperial Age
CazadorGT
11:23 Feudal Age
15:37 Castle Age
13:56 Forging
15:59 Fletching
18:14 Loom
18:14 Town Watch
20:23 Double-Bit Axe
20:19 Horse Collar
23:58 Sanctity
dejame_ganar
9:54 Feudal Age
11:28 Loom
14:15 Castle Age
17:46 Town Watch
21:28 Squires
21:39 Pikeman
Connection lost

Rejoining the realm…

Still unreachable

The connection could not be restored.

Session expired

The server has moved on; the page needs a fresh start.